[Event "*** SCC Grand Prix: Titled Tuesday Blitz"]
[Site "Chess.com"]
[Date "2020.06.02"]
[Round "5"]
[White "DenisQ"]
[Black "praveenb2002"]
[Result "1-0"]
[WhiteElo "2582"]
[BlackElo "2724"]
[TimeControl "180+1"]
[EndTime "10:59:37 PDT"]
[Termination "DenisQ won by resignation"]

1. Nf3 d5 2. c4 d4 3. g3 Nc6 4.
Bg2 e5 5. O-O Nf6 6. e3 Bc5 7.
exd4 Nxd4 8. Nxd4 Bxd4 9. Nc3 O-O 10. d3 Bf5 11. Bxb7 Rb8 12. Be4 Nxe4 13. Nxe4 Qd7 14. Rb1 Bg4 15. Qc2 Bf3 16. Ng5 Ba8 17. Qe2 h6 18. Nf3 Qh3 19. Be3 Rb6 20. Ne1 Rf6 21.
Bxd4 exd4 22. f3 Re6 23. Qg2 Qf5 24. Qf2 Rfe8 25. Nc2 Re2 26. Nxd4 Rxf2 27. Nxf5 Rd2 28. Rbe1 Rd8 29. Rf2 R2xd3 30. Kg2 h5 31. Re7 R3d7 32.
Rfe2 Rxe7 33. Nxe7+ Kf8 34. Kf2 g6 35. b4 Rd4 36.
Nd5 Rxc4 37. Nf6 Bc6 38. a3 Rc3 39. Re3 Rc2+ 40. Re2 Rc3 41. Re3 Rc1 42. Ne4 Bd5 43. Rc3 Rb1 44. Rxc7 Rb2+ 45. Ke3 Rxh2 46. Rxa7 Ra2 47.
Nc3 Rb2 48. Nxd5 Rb3+ 49. Ke4 g5 50. Kf5 h4 51. gxh4 gxh4 52. Kg4 h3 53. Kxh3 Rxf3+ 54. Kg4 Rd3 55. Nf4 Rd1 56. b5 Rb1 57. a4 Rb4 58. Kf5 Rb1 59. Nd5 Rf1+ 60. Ke5 Re1+ 61.
Kd6 Re6+ 62. Kc5 Rf6 63. b6 Rf1 64. Ra8+ Kg7 65. b7 Rc1+ 66. Kd6 Rb1 67. b8=Q 1-0

[Event "*** SCC Grand Prix: Titled Tuesday Blitz"]
[Site "Chess.com"]
[Date "2020.06.02"]
[Round "5"]
[White "LuckSlayeer"]
[Black "ZverevLev"]
[Result "1-0"]
[WhiteElo "2459"]
[BlackElo "2230"]
[TimeControl "180+1"]
[EndTime "10:59:37 PDT"]
[Termination "LuckSlayeer won by resignation"]

1. Nf3 d5 2. g3 c6 3. Bg2 Nf6 4.
O-O Bf5 5. d3 h6 6. Nbd2 e6 7. Qe1 Bh7 8. e4 Be7 9. b3 O-O 10. Bb2 Nbd7 11. a3 Qc7 12. Qe2 dxe4 13. dxe4 e5 14. Nc4 Bxe4 15. Nfxe5 Bxg2 16. Kxg2 Nxe5 17. Bxe5 Qd7 18. Rad1 Qe6 19. Rfe1 Nd5 20. Qf3 Qg6 21. Re2 Rad8 22. Bb2 Bf6 23. Red2 Bxb2 24. Nxb2 Rfe8 25. c4 Ne3+ 26. fxe3 Rxd2+ 27. Rxd2 Qe6 28. Rd3 Qe5 29. Nd1 Qa1 30. a4 Qa2+ 31. Qf2 Qb1 32.
Qd2 Kh7 33. Rc3 Qe4+ 34. Kg1 Qe7 35. Qd3+ g6 36. Nf2 Rd8 37. Qe2 Qb4 38. Rd3 Re8 39. Qf3 Kg7 40. Kg2 Qe7 41. Qf4 Qb4 42. Qd4+ Kg8 43.
Qc3 Qe7 44. c5 Rf8 45. Qd4 Qe6 46. Qe4 Qf6 47. Qd4 Qe6 48. Qd6 Qf5 49. e4 Qg5 50.
Nh3 Qg4 51. Nf4 g5 52. h3 Qc8 53. Nh5 Kh8 54. Qf6+ 1-0

[Event "*** SCC Grand Prix: Titled Tuesday Blitz"]
[Site "Chess.com"]
[Date "2020.06.02"]
[Round "5"]
[White "TheNextLevelFan"]
[Black "Stewie_89"]
[Result "1/2-1/2"]
[WhiteElo "2451"]
[BlackElo "2624"]
[TimeControl "180+1"]
[EndTime "10:59:38 PDT"]
[Termination "Game drawn - insufficient material"]

1. d4 d5 2. c4 dxc4 3. e4 e5 4. d5 Nf6 5. Nc3 b5 6. Bg5 Bb4 7. a4 c6 8. dxc6 Qxd1+ 9. Rxd1 Nxc6 10. axb5 Nd4 11. Bxf6 gxf6 12. Bxc4 Bd7 13. Ne2 Rc8 14. Bd3 Nxb5 15. Rc1 Ke7 16. O-O Nxc3 17. Nxc3 Bxc3 18.
bxc3 a5 19. f4 a4 20. Bb1 Rc5 21. Ba2 Be6 22. Bxe6 fxe6 23. Ra1 Ra8 24. Ra3 exf4 25. Rxf4 Rc4 26. Rh4 Rb8 27. Rxh7+ Kd6 28. Ra7 Rb1+ 29. Kf2 Rxe4 30. R7xa4 Rb2+ 31. Kf3 Ree2 32. Ra6+ Ke7 33. Ra7+ Kf8 34. R3a6 Rf2+ 35. Ke4 Rxg2 36. Rxe6 Rbe2+ 37. Kd5 Rxe6 38. Kxe6 Rxh2 39. Kxf6 Rf2+ 40. Ke6 Rc2 41. Rc7 Re2+ 42. Kd6 Ke8 43. Rc8+ Kf7 44. c4 Rd2+ 45. Kc6 Ke7 46. c5 Rc2 47. Kb7 Kd7 48. c6+ Ke7 49. Kc7 Rc3 50. Ra8 Rc1 51. Ra4 Rc2 52. Re4+ Kf7 53.
Kd6 Rd2+ 54. Kc5 Rc2+ 55. Kb6 Rb2+ 56. Kc7 Rc2 57. Re5 Kf6 58. Rb5 Ke6 59. Kb7 Kd6 60. Rb6 Rc5 61. c7+ Kd7 62. c8=Q+ Rxc8 63. Rd6+ Kxd6 64. Kxc8 1/2-1/2

[Event "*** SCC Grand Prix: Titled Tuesday Blitz"]
[Site "Chess.com"]
[Date "2020.06.02"]
[Round "5"]
[White "theredking89"]
[Black "Piotrek1979"]
[Result "1-0"]
[WhiteElo "2623"]
[BlackElo "2420"]
[TimeControl "180+1"]
[EndTime "10:59:38 PDT"]
[Termination "theredking89 won by resignation"]

1. Nf3 c5 2. g3 Nf6 3. Bg2 g6 4. O-O Bg7 5. c4 d6 6. Nc3 Nc6 7.
d4 cxd4 8. Nxd4 Bd7 9. Nc2 O-O 10.
b3 Qa5 11. Qd2 Rfc8 12. Bb2 Rab8 13. Rfd1 a6 14. a3 Qh5 15. Rab1 b5 16. Nd5 Nxd5 17. cxd5 Ne5 18. Ne3 Rc5 19. f4 Ng4 20. Nxg4 Bxg4 21. Bxg7 Kxg7 22. b4 Rc4 23. Rdc1 Bxe2 24. Re1 Bf3 25.
Rxe7 Bxg2 26. Qxg2 Rbc8 27. Qb2+ Kf8 28. Rbe1 Rc3 29.
R7e3 Rxe3 30. Rxe3 Kg8 31. Qd2 Qf5 32. Qd3 Rc1+ 33.
Kg2 Rc2+ 34. Kg1 Qxd3 35. Rxd3 Kf8 36. a4 Ke7 37. axb5 axb5 38. Ra3 Rb2 39. Ra7+ Kf6 40. Rd7 Rxb4 41. Rxd6+ Kf5 42. Rd7 f6 43. Rxh7 Rd4 44.
Rd7 b4 45. Kg2 Ke4 46. d6 Rd2+ 47. Kh3 b3 48. Re7+ Kd3 49. Rb7 Kc2 50. d7 b2 51.
Rc7+ Kd1 52. Rb7 Kc1 53. Rc7+ Kd1 54. Rb7 f5 55. Kh4 Rxh2+ 56. Kg5 Rd2 57. Rxb2 Rxd7 58. Kxg6 Rd3 59. Rg2 Ke1 60. Kxf5 Kf1 61. Ra2 Rxg3 62.
Ke5 Rg8 63. f5 Re8+ 64. Kf6 1-0

[Event "*** SCC Grand Prix: Titled Tuesday Blitz"]
[Site "Chess.com"]
[Date "2020.06.02"]
[Round "5"]
[White "AGW2016"]
[Black "Moon_stone123"]
[Result "1-0"]
[WhiteElo "2320"]
[BlackElo "2465"]
[TimeControl "180+1"]
[EndTime "10:59:38 PDT"]
[Termination "AGW2016 won by checkmate"]

1. e4 c5 2. c3 Nf6 3. e5 Nd5 4. d4 cxd4 5. cxd4 d6 6. Nf3 Nc6 7. Bc4 Nb6 8. Bb3 dxe5 9. dxe5 Qxd1+ 10. Bxd1 e6 11. O-O Be7 12. Nc3 O-O 13. Bf4 Nb4 14.
Be2 N6d5 15. Nxd5 Nxd5 16. Bg5 Bxg5 17. Nxg5 Bd7 18. Ne4 Bc6 19. Bf3 Rfd8 20. Rac1 Nf4 21. Rc2 Nd3 22. Nc5 Nxe5 23. Bxc6 bxc6 24. Re1 Ng4 25.
f3 Nf6 26. Ne4 Nxe4 27. Rxe4 Rac8 28. Rec4 g6 29. Rxc6 Rxc6 30. Rxc6 Rd1+ 31. Kf2 Rd2+ 32. Kg3 Rxb2 33. Ra6 Rb7 34. Kf4 Kg7 35. g4 h6 36.
h4 Kf6 37. g5+ hxg5+ 38. hxg5+ Ke7 39. Ke4 Rb4+ 40. Ke3 Rb7 41. Ke4 Kf8 42. f4 Kg7 43. Ke5 Rb5+ 44. Ke4 Rb4+ 45. Ke5 Rb7 46. Ke4 Kf8 47.
Ke5 Ke8 48. a4 Ke7 49. Ra5 Rc7 50. Ra6 Kf8 51. Ra5 Kg7 52. Ra6 Rc5+ 53. Ke4 Rc4+ 54.
Ke5 Rc5+ 55. Ke4 Rc7 56. Ke5 Rb7 57. Ke4 f5+ 58. Ke5 Kf7 59. Rxe6 Rb4 60. Rf6+ Kg7 61.
Ra6 Re4+ 62. Kd5 Rxf4 63. Rxa7+ Kf8 64. Ke6 Rc4 65. Ra8+ Kg7 66. Ra7+ Kf8 67. a5 f4 68. a6 Rc6+ 69. Kd5 Rb6 70. Kc5 Re6 71. Kd5 Re1 72.
Rb7 f3 73. a7 Re8 74. Rb8 f2 75. Rxe8+ Kxe8 76. a8=Q+ Kf7 77. Qa1 Kg8 78. Qf1 Kg7 79.
Qxf2 Kh7 80. Qf6 Kg8 81. Qe7 Kh8 82. Ke6 Kg8 83. Kf6 Kh8 84. Qg7# 1-0

[Event "*** SCC Grand Prix: Titled Tuesday Blitz"]
[Site "Chess.com"]
[Date "2020.06.02"]
[Round "5"]
[White "Zmof"]
[Black "kingofthenil"]
[Result "0-1"]
[WhiteElo "2235"]
[BlackElo "2451"]
[TimeControl "180+1"]
[EndTime "10:59:38 PDT"]
[Termination "kingofthenil won by checkmate"]

1. e4 Nc6 2. Nf3 d5 3. e5 Bg4 4.
Bb5 e6 5. d4 Ne7 6. c3 a6 7.
Be2 f6 8. exf6 gxf6 9. O-O Qd7 10. h3 Bh5 11. Nh4 Bxe2 12. Qxe2 O-O-O 13. Bf4 e5 14. dxe5 fxe5 15. Bxe5 Rg8 16. Kh1 Nf5 17. Nxf5 Qxf5 18. Bg3 Bd6 19. Nd2 Rde8 20. Qf3 Qxf3 21.
Nxf3 Bxg3 22. fxg3 Rxg3 23. Rae1 Rxe1 24. Rxe1 Kd7 25.
Ne5+ Nxe5 26. Rxe5 Kd6 27. Rh5 Rg7 28. Kg1 Rf7 29. g4 a5 30. Kg2 a4 31. a3 c6 32.
h4 Kc5 33. Re5 Kc4 34. g5 Kb3 35. Re2 c5 36. Kg3 d4 37. cxd4 cxd4 38. h5 d3 39. Rd2 Rd7 40. Kg4 Kc4 41. g6 hxg6 42. hxg6 Re7 43. Kf5 Re2 44. Rxe2 dxe2 45. g7 e1=Q 46. g8=Q+ Kd3 47. Qd5+ Kc2 48. Qxb7 Qf2+ 49. Ke5 Qc5+ 50. Ke6 Qc4+ 51. Kd6 Qd4+ 52. Kc7 Qxb2 53. Qg2+ Kb1 54. Qc6 Qxa3 55. Kb6 Qb3+ 56. Ka5 a3 57. Qh1+ Kb2 58. Qg2+ Qc2 59. Qg7+ Qc3+ 60. Qxc3+ Kxc3 61. Ka4 a2 62. Ka3 a1=Q# 0-1

[Event "*** SCC Grand Prix: Titled Tuesday Blitz"]
[Site "Chess.com"]
[Date "2020.06.02"]
[Round "5"]
[White "djano"]
[Black "cukin84"]
[Result "1-0"]
[WhiteElo "2429"]
[BlackElo "2203"]
[TimeControl "180+1"]
[EndTime "10:59:40 PDT"]
[Termination "djano won by resignation"]

1. d4 f5 2. Nf3 Nf6 3. h3 d6 4. Bf4 g6 5. e3 Bg7 6. Bc4 c6 7.
Nbd2 d5 8. Bb3 e6 9. Ne5 Nbd7 10.
Ndf3 O-O 11. Qe2 Nh5 12. Bh2 f4 13. O-O-O Nxe5 14. Nxe5 Bxe5 15. dxe5 b5 16. exf4 Nxf4 17. Qg4 Nh5 18. f4 a5 19. c3 b4 20. cxb4 axb4 21.
h4 Qe7 22. Rhf1 Qf7 23. Qh3 Qf5 24. g4 Qe4 25. gxh5 Ba6 26. Rfe1 Be2 27. Qxe6+ Kh8 28. Rd2 Bg4 29. Rxe4 Bxe6 30. Rxb4 c5 31. Rb6 c4 32. Rxe6 cxb3 33. axb3 Rfc8+ 34. Rc2 Ra1+ 35. Kd2 Rd8 36. h6 Rh1 37. Kd3 Rd1+ 38. Rd2 Rf1 39. Rd6 Rb8 40. e6 Kg8 41. e7 Kf7 42. Rd8 Rxb3+ 43. Kc2 Kxe7 44. Kxb3 Kxd8 45. Rxd5+ Ke7 46. f5 Rf3+ 47.
Ka2 gxf5 48. Be5 Ke6 49. Rc5 Re3 50. Bc3 Re4 51. Rc7 f4 52. Rxh7 f3 53. Rh8 Rf4 54.
Re8+ Kd7 55. Re1 f2 56. Rf1 Rf7 57. Bg7 Ke6 58. h7 Ra7+ 59. Kb1 Rxg7 60. h8=Q Rg1 61. Qe8+ Kd6 62. Qe2 Kd5 63. Qxf2 1-0

[Event "*** SCC Grand Prix: Titled Tuesday Blitz"]
[Site "Chess.com"]
[Date "2020.06.02"]
[Round "5"]
[White "kuba2006"]
[Black "MatyChess1"]
[Result "1/2-1/2"]
[WhiteElo "2417"]
[BlackElo "2574"]
[TimeControl "180+1"]
[EndTime "10:59:41 PDT"]
[Termination "Game drawn by repetition"]

1. e4 c5 2. Nf3 Nc6 3. d4 cxd4 4. Nxd4 g6 5. Nc3 Bg7 6. Be3 Nf6 7. Nxc6 bxc6 8. e5 Nd5 9. Nxd5 cxd5 10. Qxd5 Rb8 11. O-O-O Qc7 12. f4 O-O 13. Qc5 Qb7 14. b3 d6 15. Qxa7 Qb4 16. a3 Qc3 17. Bd4 Qc6 18. Qxb8 Bf5 19. Qxf8+ Kxf8 20. Bd3 dxe5 21. fxe5 Be6 22.
Kb1 Qxg2 23. Bb2 h5 24. Rhf1 Kg8 25. h4 Qg3 26. a4 Bxe5 27. Bxe5 Qxe5 28. Rde1 Qc3 29.
Rd1 Kg7 30. Be4 Bxb3 31. cxb3 Qxb3+ 32. Kc1 Qe3+ 33. Kc2 Qxe4+ 34. Kb3 Qe6+ 35. Kb4 Qb6+ 36. Ka3 Qc5+ 37. Kb3 e5 38. Rc1 Qb6+ 39. Kc4 Qa5 40.
Kb3 e4 41. Rce1 Qd5+ 42. Kb4 Qd4+ 43. Kb5 Qd3+ 44. Kb6 f5 45. a5 f4 46. a6 Qd4+ 47. Kb7 Qd5+ 48. Kb8 Qd6+ 49. Kb7 Qb4+ 50. Ka7 e3 51. Rb1 Qd4+ 52. Kb8 e2 53. Rfe1 Qe5+ 54.
Kb7 Qd5+ 55. Kb8 Qd6+ 56. Kb7 Qd5+ 57. Kb8 f3 58. a7 Qd6+ 59. Kb7 Qd5+ 60. Kb8 Qe5+ 61.
Kb7 Qe4+ 62. Kb8 Qe8+ 63. Kb7 Qe4+ 64. Kb8 Qe5+ 65. Kb7 Qd5+ 66. Kb8 1/2-1/2

[Event "*** SCC Grand Prix: Titled Tuesday Blitz"]
[Site "Chess.com"]
[Date "2020.06.02"]
[Round "5"]
[White "hanzo_hasashi1"]
[Black "Chopper1905"]
[Result "1-0"]
[WhiteElo "2792"]
[BlackElo "2927"]
[TimeControl "180+1"]
[EndTime "10:59:42 PDT"]
[Termination "hanzo_hasashi1 won by checkmate"]

1. c4 Nf6 2. Nc3 e5 3. Nf3 Nc6 4. g3 d5 5. cxd5 Nxd5 6. Bg2 Nb6 7. O-O Be7 8. d3 O-O 9. a3 Re8 10. b4 Bf8 11. Bb2 a5 12. b5 Nd4 13. e3 Nxf3+ 14. Bxf3 a4 15. Rc1 Ra7 16. Qe2 Be6 17. Ne4 Bd5 18.
Nc3 Bb3 19. Ne4 Ra5 20. Nc3 Nd5 21. Nxd5 Bxd5 22. Bxd5 Qxd5 23. Rxc7 Rxb5 24. d4 exd4 25. Bxd4 Rb3 26. Rd1 Rd8 27. Rcc1 Qb5 28. Qxb5 Rxb5 29.
Rd3 Rd7 30. Rc8 h6 31. Ra8 Rb3 32. Rd1 b5 33. Rc1 f6 34. Rcc8 Rxa3 35. Rxf8+ Kh7 36.
h4 h5 37. Kg2 Rb3 38. g4 Kg6 39. Kg3 hxg4 40. Kxg4 Rd5 41. Rh8 a3 42. h5+ Kf7 43. Ra7+ Ke6 44. Re8+ Kd6 45. Rxg7 b4 46. Ra7 Kc6 47. h6 Rg5+ 48. Kf4 Rb1 49. h7 Rh1 50.
h8=Q Rxh8 51. Rxh8 Kb5 52. Bxf6 Rc5 53. Rb8+ Kc4 54.
Rxb4+ Kd3 55. Rxa3+ Ke2 56. Rb2+ Kf1 57. Kg3 Rc1 58.
f4 Re1 59. Ra1 Rxa1 60. Rf2+ Kg1 61. Bxa1 Kh1 62. Rf1# 1-0

[Event "*** SCC Grand Prix: Titled Tuesday Blitz"]
[Site "Chess.com"]
[Date "2020.06.02"]
[Round "5"]
[White "elegant285"]
[Black "MilosJi"]
[Result "1-0"]
[WhiteElo "2380"]
[BlackElo "2504"]
[TimeControl "180+1"]
[EndTime "10:59:42 PDT"]
[Termination "elegant285 won by resignation"]

1. d4 d5 2. c4 e6 3. Nf3 Nf6 4. g3 Bb4+ 5. Bd2 Be7 6. Bg2 O-O 7.
O-O Nbd7 8. Qc2 c6 9. Rd1 b6 10. Bf4 Bb7 11. Ne5 Rc8 12. Nc3 a5 13. Rac1 Nxe5 14. dxe5 Nd7 15. cxd5 cxd5 16. e4 dxe4 17. Bxe4 Bxe4 18. Qxe4 Qe8 19. Qe2 Nc5 20. Nb5 Rd8 21. Nd6 Bxd6 22. exd6 Qc6 23. b3 Rd7 24. a3 Qe4 25. Qxe4 Nxe4 26. Rc7 Rfd8 27. Rxd7 Rxd7 28. Rc1 g5 29. Rc7 Rd8 30. d7 Kf8 31. Be3 Ke7 32.
Bxb6 Rxd7 33. Rxd7+ Kxd7 34. Bxa5 Kc6 35. Be1 g4 36. Kg2 h5 37. f3 Nc5 38. b4 Nd3 39. Bc3 Kb5 40. h3 f5 41. fxg4 fxg4 42. hxg4 hxg4 43. Kf1 Kc4 44. Bf6 Kb3 45. Ke2 Nc1+ 46.
Ke3 Kxa3 47. b5 Nb3 48. Bc3 Ka4 49. b6 Nc5 50. Kd4 Kb5 51. Ke5 Kxb6 52. Bd4 Kc6 53. Bxc5 Kxc5 54. Kxe6 Kc6 55. Kf5 Kd6 56. Kxg4 Ke7 57.
Kg5 Kf7 58. Kh6 Kg8 59. Kg6 Kh8 60. g4 Kg8 61. g5 Kh8 62. Kf7 1-0

[Event "*** SCC Grand Prix: Titled Tuesday Blitz"]
[Site "Chess.com"]
[Date "2020.06.02"]
[Round "5"]
[White "GM_Levan_Pantsulaia"]
[Black "Rodalquilar"]
[Result "1-0"]
[WhiteElo "2839"]
[BlackElo "2627"]
[TimeControl "180+1"]
[EndTime "10:59:48 PDT"]
[Termination "GM_Levan_Pantsulaia won by resignation"]

1. Nf3 d5 2. g3 Nf6 3. Bg2 e6 4. O-O Be7 5. d3 c5 6. Nbd2 Nc6 7.
e4 b6 8. Re1 Bb7 9. a3 Qc7 10. Qe2 dxe4 11. dxe4 Rd8 12. c3 O-O 13.
e5 Nd7 14. Nf1 Qc8 15. h4 Ba6 16. Qe4 Ndb8 17. Bg5 Bd3 18. Qf4 h6 19. Bxe7 Nxe7 20. N1h2 Nd5 21. Qc1 Nc6 22. Ng4 Na5 23. Nxh6+ gxh6 24. Qxh6 f6 25. Rad1 Bh7 26. Rxd5 Rxd5 27. exf6 Qd7 28. Ng5 Rf5 29. Rxe6 Rf7 30. Nxf7 Qxf7 31.
Re7 Rxf6 32. Qg5+ Qg6 33. Qd5+ Rf7 34. Be4 Qf6 35. Bxh7+ Kg7 36. Rxf7+ Qxf7 37. Qxf7+ Kxf7 38. Bd3 Nc6 39. Kf1 Ne5 40. Ke2 Kf6 41. f3 Nf7 42. Ke3 Nd6 43. c4 a6 44. g4 b5 45. cxb5 axb5 46.
f4 c4 47. Bc2 Nb7 48. Kd4 Ke6 49. g5 Kd6 50. f5 Nc5 51. g6 Nd7 52. g7 Nf6 53. h5 Ke7 54. h6 Kf7 55. Be4 Kg8 56. Bd5+ Kh7 57. g8=Q+ Nxg8 58. Bxg8+ Kxg8 59. Kc5 Kf7 60. Kxb5 c3 61. bxc3 1-0

[Event "*** SCC Grand Prix: Titled Tuesday Blitz"]
[Site "Chess.com"]
[Date "2020.06.02"]
[Round "5"]
[White "Man-Chuk"]
[Black "Muracle"]
[Result "1/2-1/2"]
[WhiteElo "2766"]
[BlackElo "2600"]
[TimeControl "180+1"]
[EndTime "10:59:53 PDT"]
[Termination "Game drawn by agreement"]

1. d4 Nf6 2. c4 g6 3. Nc3 d5 4.
Nf3 Bg7 5. h4 c6 6. cxd5 cxd5 7.
Bf4 O-O 8. e3 Nc6 9. Qb3 Na5 10.
Qb4 b6 11. Ne5 Bf5 12. Be2 Ne4 13. Nxe4 dxe4 14. h5 Rc8 15. hxg6 hxg6 16. O-O Rc2 17.
Bd1 Rc8 18. Ba4 f6 19. Bb3+ Nxb3 20. Qxb3+ Kh7 21. Nc4 Be6 22. Rfc1 Qd5 23. Nd2 Qf5 24.
Qa3 Rxc1+ 25. Rxc1 g5 26. Bg3 Kg6 27. Qxe7 Bxa2 28.
Qxe4 Qxe4 29. Nxe4 f5 30. Nd2 f4 31. Bh2 Bd5 32.
Rc7 Rf7 33. Rxf7 Kxf7 34. Kf1 a5 35. Nf3 Kg6 36. Ke2 a4 37. exf4 Bxf3+ 38. Kxf3 Bxd4 39. Ke4 Bxb2 40. f5+ Kf7 41. Kd3 b5 42. Kc2 Bd4 43. Bd6 Bxf2 44. g4 Bd4 45. Bb4 Kf6 46. Kd3 Bb2 47.
Kc2 Be5 48. Kd3 Ba1 49. Kc2 Ke5 50. Bc3+ Bxc3 51. Kxc3 a3 52. Kb3 b4 53. Ka2 Kd5 54. Kb3 Ke5 55. Ka2 Kf6 1/2-1/2

[Event "*** SCC Grand Prix: Titled Tuesday Blitz"]
[Site "Chess.com"]
[Date "2020.06.02"]
[Round "5"]
[White "Sethu0025"]
[Black "ClassyEl"]
[Result "1/2-1/2"]
[WhiteElo "2785"]
[BlackElo "2576"]
[TimeControl "180+1"]
[EndTime "10:59:53 PDT"]
[Termination "Game drawn by repetition"]

1. d4 Nf6 2. c4 e6 3. Nc3 c5 4. Nf3 cxd4 5. Nxd4 Nc6 6. g3 Qb6 7. Nf3 Bb4 8. Bd2 Bxc3 9. bxc3 Ng4 10. e3 Nge5 11. Nd4 d6 12. f4 Nd7 13. Nb5 Na5 14.
Bc1 Ke7 15. Be2 a6 16. Nd4 Qc7 17. Qa4 b6 18. O-O Bb7 19. Ba3 Nc5 20. Qc2 Be4 21.
Qd1 Rac8 22. Nb3 Nab7 23. Qd4 f6 24. Qd2 Rhd8 25. Rad1 Kf7 26. Qb2 Na4 27. Qa1 Nbc5 28. Nd2 Bb7 29. Qc1 d5 30. Qc2 Kg8 31. cxd5 Bxd5 32.
c4 Bb7 33. Bc1 Rd7 34. Nb3 Rcd8 35. Rxd7 Qxd7 36. Nd4 Be4 37. Qd2 e5 38. fxe5 fxe5 39. Nf3 Qxd2 40. Nxd2 Nc3 41. Bg4 Bd3 42. Re1 Nxa2 43.
Bb2 e4 44. Bd4 Nb4 45. Ra1 g6 46. Bxc5 bxc5 47. Nb3 Nc2 48. Be6+ Kg7 49. Rxa6 Nxe3 50. Nxc5 Rf8 51. Ra7+ Kh6 52. Rf7 Rxf7 53. Bxf7 Bxc4 54. Bxc4 Nxc4 55. Nxe4 Ne5 56. Kg2 Kg7 57. Nf2 Nf7 58.
Kf3 Kf6 59. Ke4 Ng5+ 60. Kd5 Nf3 61. h3 Nd2 62. Ne4+ Nxe4 63. Kxe4 Ke6 64. h4 h6 65. Kf4 Kf6 66. g4 g5+ 67. hxg5+ hxg5+ 68. Ke4 Ke6 69. Kd4 Kd6 70. Ke4 Ke6 71. Kd4 Kd6 72.
Ke4 Ke6 1/2-1/2

[Event "*** SCC Grand Prix: Titled Tuesday Blitz"]
[Site "Chess.com"]
[Date "2020.06.02"]
[Round "5"]
[White "AcostaPablo"]
[Black "Lestofante90"]
[Result "0-1"]
[WhiteElo "2607"]
[BlackElo "2798"]
[TimeControl "180+1"]
[EndTime "10:59:54 PDT"]
[Termination "Lestofante90 won by checkmate"]

1. d4 Nf6 2. c4 g6 3. Nf3 Bg7 4. Nc3 O-O 5. g3 d5 6. Bg2 dxc4 7. Ne5 Nfd7 8. Nxc4 Nb6 9. Nxb6 axb6 10. e3 e5 11. d5 Nd7 12. O-O Nc5 13. b4 Nd7 14. e4 c6 15. Bb2 b5 16. Rc1 Nb6 17. Qb3 Nc4 18.
Rfd1 Nxb2 19. Qxb2 Qb6 20. Qb3 Bg4 21. Rd3 Rfd8 22.
h3 Bd7 23. Rcd1 Be8 24. a4 bxa4 25. Nxa4 Qb5 26. Nc3 Qb6 27. Na4 Qb5 28. Nc3 Qa6 29. Bf1 Qa7 30. dxc6 Rxd3 31. Bxd3 bxc6 32. Bc4 Bf8 33.
Rd3 Qb6 34. Rf3 Ra7 35. b5 Kg7 36. bxc6 Qxb3 37. Bxb3 Bxc6 38. Nd5 Bc5 39. Rc3 Ra5 40. Kg2 Bd7 41. f4 exf4 42. gxf4 Be6 43. h4 Bd4 44.
Rc7 Ra3 45. Rb7 Ra7 46. Rb4 Bc5 47. Rb5 Bd4 48. Kf3 Ra3 49. Ke2 Bg1 50. h5 Ra7 51. hxg6 hxg6 52. Rb8 Bh2 53. Kf3 Ra3 54. Rb7 Bg1 55. Ke2 Ra7 56. Rb8 Bh2 57. Kf3 Bxd5 58. Bxd5 Rd7 59. Rb6 g5 60. fxg5 Be5 61. Kg4 Bd4 62. Kf5 Bxb6 63. Bc6 Re7 64. Bd5 Bd4 65. Bc6 Re5+ 66. Kf4 Rc5 67. Bd5 Bc3 68. Ke3 Bb2 69.
Kf4 Bc1+ 70. Kf5 Rc2 71. Kg4 Rf2 72. Kg3 Rf1 73. Kg4 Rg1+ 74. Kf5 Rxg5# 0-1

[Event "*** SCC Grand Prix: Titled Tuesday Blitz"]
[Site "Chess.com"]
[Date "2020.06.02"]
[Round "5"]
[White "InitiatingASC"]
[Black "nonsopolo1"]
[Result "1-0"]
[WhiteElo "2398"]
[BlackElo "2238"]
[TimeControl "180+1"]
[EndTime "10:59:54 PDT"]
[Termination "InitiatingASC won on time"]

1. Nf3 c5 2. b3 Nc6 3. Bb2 Nf6 4. e3 g6 5. c4 Bg7 6. Be2 O-O 7. O-O d6 8. d3 a6 9. Nbd2 Rb8 10. a3 b5 11.
cxb5 axb5 12. Qc2 Bb7 13. Rfe1 Ba8 14. Nf1 h6 15. N3d2 Ne5 16. Ng3 Qb6 17. Bf1 h5 18. Reb1 h4 19. Bxe5 dxe5 20. Nge4 Rfc8 21. a4 Nxe4 22. dxe4 b4 23. Nc4 Qf6 24. Rd1 Qg5 25.
Rd2 f5 26. exf5 gxf5 27. Rad1 h3 28. f3 Bxf3 29. Re1 Be4 30. Qd1 hxg2 31. Bd3 Ba8 32. Rf2 f4 33. e4 Rd8 34. Rxg2 Qh6 35. Qf3 Rd4 36. Nxe5 Rbd8 37. Bc4+ Kh7 38. Nf7 Qh4 39.
Rf1 Rf8 40. Ng5+ Kh8 41. Rg4 Qh6 42. Qf2 Rd2 43. Rh4 Rxf2 44. Rxh6+ Bxh6 45. Ne6 Rg8+ 46.
Kxf2 Bxe4 47. Rg1 Rxg1 48. Kxg1 f3 49. Kf2 Bf4 50. Nxc5 Bxh2 51. Nxe4 Be5 52. Kxf3 Bd4 53. Ng5 Kg7 54. Ne6+ Kf6 55. Nxd4 e5 56. Nc6 e4+ 57. Kxe4 1-0

[Event "*** SCC Grand Prix: Titled Tuesday Blitz"]
[Site "Chess.com"]
[Date "2020.06.02"]
[Round "5"]
[White "cassoulet"]
[Black "Crazy_girl99"]
[Result "1-0"]
[WhiteElo "2600"]
[BlackElo "2415"]
[TimeControl "180+1"]
[EndTime "10:59:55 PDT"]
[Termination "cassoulet won by resignation"]

1. e4 e5 2. Nf3 Nc6 3. Bc4 Bc5 4. c3 Nf6 5. d3 d6 6. Bb3 a6 7. h3 h6 8. Nbd2 O-O 9. Nf1 d5 10. Qe2 d4 11. Ng3 Be6 12. O-O Qd6 13. Nh4 Ne7 14.
Qf3 Nd7 15. Nhf5 Nxf5 16. exf5 Bxb3 17. axb3 Nf6 18. b4 Bb6 19. Rd1 c6 20. Bd2 Bc7 21. c4 Rfe8 22. Re1 Rad8 23. Ne4 Nxe4 24. Rxe4 Rd7 25.
Rae1 Bd8 26. Qg3 Kh7 27. f4 Qf6 28. fxe5 Qxf5 29. Rg4 g6 30. Rf4 Qe6 31. Kh1 Bg5 32. Rf2 Bxd2 33. Rxd2 Rde7 34. Rf2 Qd7 35. Re4 Qe6 36. Rf6 Qd7 37. Qf4 Kg7 38. Qg3 Rxe5 39.
Rxg6+ fxg6 40. Rxe5 Rxe5 41. Qxe5+ Kf7 42. Kg1 Qe7 43.
Qxd4 Qe1+ 44. Kh2 Qe2 45. Qf4+ Kg7 46. Qc7+ Kf6 47. Qf4+ Kg7 48. Qf3 Qxb2 49. Qe4 Qf6 50. d4 Qf7 51. Qe5+ Qf6 52. Qc7+ Qf7 53. Qd6 Qf6 54. Qd7+ Qf7 55. Qg4 h5 56. Qe4 Qf6 57. d5 cxd5 58. Qxd5 Qf7 59. Qe5+ Qf6 60. Qc7+ Qf7 61.
Qc5 Qf6 62. Qe3 Qf7 63. Qd4+ Qf6 64. Qe4 Qf7 65. c5 Qc7+ 66. Kg1 Qf7 67. Qd4+ Qf6 68.
Qd7+ Qf7 69. c6 bxc6 70. Qxc6 Qf6 71. Qb7+ Qf7 72. Qxa6 Qf6 73. Qxf6+ Kxf6 74. Kf2 Ke5 75. Kf3 Kd4 76. Kf4 Kc4 77. Kg5 Kxb4 78. Kxg6 Kc5 79.
Kxh5 Kd6 80. Kg6 Ke6 81. Kg7 Ke7 82. g4 1-0

[Event "*** SCC Grand Prix: Titled Tuesday Blitz"]
[Site "Chess.com"]
[Date "2020.06.02"]
[Round "5"]
[White "doctorcristian"]
[Black "TERMINATOR_PC"]
[Result "0-1"]
[WhiteElo "2299"]
[BlackElo "2475"]
[TimeControl "180+1"]
[EndTime "10:59:58 PDT"]
[Termination "TERMINATOR_PC won on time"]

1. d4 Nf6 2. Nc3 d5 3. Bf4 a6 4. e3 b5 5. a3 e6 6. g4 c5 7.
g5 Nfd7 8. Nf3 Nc6 9. h4 Bb7 10. h5 Rc8 11. Bh3 g6 12. Bg4 Bg7 13. hxg6 hxg6 14.
Rxh8+ Bxh8 15. Ne2 Qb6 16. Qd2 a5 17. Kf1 b4 18.
axb4 axb4 19. Kg2 Qb5 20. Ng3 Bg7 21. Bd6 Bf8 22. Bxf8 Kxf8 23. Rh1 Qc4 24. Rh8+ Ke7 25. Rxc8 Bxc8 26. Ne2 Ba6 27. Nf4 Qf1+ 28. Kg3 cxd4 29. exd4 Nb6 30. Ne5 Nxe5 31. Qxb4+ Ke8 32. dxe5 Qg1+ 33.
Ng2 Bf1 34. Bf3 Nd7 35. Qd6 Bxg2 36. Bxg2 Qe1 37. b4 Qc3+ 38. Bf3 Nxe5 39. Qb8+ Ke7 40. Qa7+ Nd7 41. b5 Qe5+ 42. Kh3 Qf5+ 43. Bg4 Qxc2 44. b6 Qb3+ 45. f3 Qxb6 46. Qb8 Qd8 47. Qf4 Qb8 48. Qe3 Qb4 49. f4 Nc5 50. Qe5 Qb3+ 51. Kh4 Nd7 52.
Qd4 Qc4 53. Qe3 d4 54. Qe4 Qc5 55. Be2 Ke8 56. Bd3 Ke7 57. Kg3 Qb6 58. Qe2 Kd6 59. Qc2 Nc5 60. Qc4 Nxd3 61. Qxd3 Qc5 62. Kh4 Qd5 63.
Qa6+ Ke7 64. Qb7+ Qxb7 0-1

[Event "*** SCC Grand Prix: Titled Tuesday Blitz"]
[Site "Chess.com"]
[Date "2020.06.02"]
[Round "5"]
[White "mishikomchedlishvili"]
[Black "kingnb"]
[Result "0-1"]
[WhiteElo "2770"]
[BlackElo "2564"]
[TimeControl "180+1"]
[EndTime "10:59:59 PDT"]
[Termination "kingnb won on time"]

1. d4 d6 2. e4 Nf6 3. Nc3 e5 4. Nge2 exd4 5. Nxd4 Be7 6. Bf4 O-O 7. Be2 a6 8. Qd2 c5 9. Nb3 b5 10. Bf3 Bb7 11. O-O Nc6 12. Qe3 Qc7 13. Nxc5 Ne5 14. Nxb7 Nxf3+ 15. Qxf3 Qxb7 16. Rfd1 Rfd8 17. Nd5 Nxd5 18.
Rxd5 Rac8 19. Qd3 Rc6 20. Rd1 Rdc8 21. Bxd6 Rxc2 22. Bxe7 Qxe7 23. Rd8+ Rxd8 24. Qxd8+ Qf8 25. Qb6 h6 26. h3 Qe7 27. Qxa6 Rxb2 28. Qc8+ Kh7 29. Qf5+ g6 30. Qd5 b4 31. g3 Qa7 32.
Rd2 Rxd2 33. Qxd2 Qc5 34. Kg2 Qc3 35. Qd5 Kg7 36. g4 g5 37. Qd6 Qc4 38. Qe5+ Kg8 39. Qd5 Qc3 40. Qb3 Qd4 41. Qc2 Qc3 42. Qe2 Kg7 43.
Qf3 Qc4 44. e5 Qxa2 45. Qf6+ Kh7 46. Qf5+ Kg7 47. Qf6+ Kh7 48. Qf5+ Kg8 49. Qc8+ Kg7 50. Qd8 Qe6 51. Qd4 b3 52. Kg1 Kg8 53. Qd8+ Kh7 54. Qd3+ Kg7 55. Qd4 h5 56. gxh5 Kh6 57. Qc3 Kxh5 58.
Qf3+ Kh6 59. Qc3 Kg6 60. Qd3+ Kg7 61. Qc3 Kg8 62. Qd4 Qxh3 63. Qd8+ Kh7 64. Qf6 Qe6 65.
Qxg5 Qg6 0-1